 Dungeon Crawl Stone Soup version 0.19.4-8-ga85b6b9 (webtiles) character file.

437 esteth the Insei (level 7, -7/35 HPs)
             Began as a Vine Stalker Monk on Feb 10, 2017.
             Killed from afar by Dowan (11 damage)
             ... with a shard of ice
             ... on level 4 of the Dungeon.
             The game lasted 00:05:50 (2759 turns).

esteth the Insei (Vine Stalker Monk)                Turns: 2759, Time: 00:05:51

Health: -7/35      AC:  5    Str: 15    XL:     7   Next: 1%
Magic:  0/8        EV: 11    Int: 10    God:
Gold:   154        SH:  0    Dex: 17    Spells: 0 memorised, 6 levels left

rFire  . . .     SeeInvis +       - Unarmed
rCold  . . .     Gourm    .     j - +0 ring mail
rNeg   . . .     Faith    .     (no shield)
rPois  .         Spirit   +     (no helmet)
rElec  .         Reflect  .     (no cloak)
rCorr  .         Harm     .     (no gloves)
MR     .....                    (no boots)
Stlth  ++........               (no amulet)
                                (no ring)
                                d - ring of see invisible

@: no status effects
A: fangs 2, regeneration 1, magic shield, antimagic bite, no device heal 3, rot
immunity
a: no special abilities


You were on level 4 of the Dungeon.
You were not hungry.

You visited 1 branch of the dungeon, and saw 4 of its levels.

You collected 154 gold pieces.

Inventory:

Armour
 a - a +0 robe
 j - a +0 ring mail (worn)
Jewellery
 d - a ring of see invisible (left hand)
Scrolls
 f - 4 scrolls of identify
 i - a scroll of noise {unknown}
 m - a scroll of magic mapping
 o - a scroll of recharging {unknown}
Potions
 e - 2 potions of ambrosia
 h - a potion of might {unknown}
 l - 4 potions of curing {unknown}
 n - a potion of lignification {unknown}
 p - a potion of berserk rage {unknown}
Comestibles
 b - 3 bread rations
 c - 4 meat rations
 g - 3 fruits


   Skills:
 - Level 2.6 Fighting
 - Level 2.4 Dodging
 - Level 2.4 Stealth
 + Level 7.6 Unarmed Combat


You had 6 spell levels left.
You didn't know any spells.

Dungeon Overview and Level Annotations

Branches:
Dungeon (4/15)
 Temple: D:4-7

Altars:

Annotations:
D:4 Dowan


Innate Abilities, Weirdness & Mutations

You have extremely sharp teeth.
Your natural rate of healing is unusually fast.
When hurt, damage is shared between your health and your magic reserves.
Your bite disrupts and absorbs the magic of your enemies.
Potions and wands cannot restore your health.
You are immune to rotting.


Message History

Dowan screams, "No!
Oh no!"
Dowan seems to find hidden reserves of power!
You have reached level 7!
Dowan hits you but does no damage. x2
You barely miss Dowan.
Dowan is moderately wounded.
Dowan hits you but does no damage.
You hit Dowan.
Dowan is heavily wounded.
Dowan barely misses you.
You hit Dowan but do no damage.
Dowan is heavily wounded.
Dowan hits you but does no damage.
Dowan casts a spell.
Dowan blinks!
You barely miss Dowan.
Dowan is heavily wounded.
Dowan casts a spell at you. The shard of ice hits you!
You die...

## #.
#.#######.#
#..@e.....#
#.ยง########
#.......#
##.####.#
...# #.#
##### #.#
#.# ###
#######.#
#<#
#...[...#


You could see Dowan.

Vanquished Creatures
  Sigmund (D:3)
  Duvessa (D:4)
  A bullfrog zombie (D:3)
  An iguana (D:3)
  Jessica (D:3)
  An adder (D:3)
  An ooze (D:2)
  4 worms
  A dart slug (D:2)
  6 leopard geckos
  2 orcs (D:3)
  A giant cockroach (D:4)
  4 goblins
  5 hobgoblins
  3 jackals (D:1)
  6 kobolds
  A quokka (D:3)
  8 bats
  4 frilled lizards
  A leopard gecko skeleton (D:4)
  3 rats
56 creatures vanquished.

Notes
Turn   | Place    | Note
-------+----------+-------------------------------------------
     0 | D:1      | esteth the Vine Stalker Monk began the quest for the Orb.
     0 | D:1      | Reached XP level 1. HP: 11/11 MP: 2/2
   281 | D:1      | Reached XP level 2. HP: 15/16 MP: 3/3
   662 | D:1      | Reached skill level 4 in Unarmed Combat
  1077 | D:2      | Reached XP level 3. HP: 19/19 MP: 4/4
  2039 | D:3      | Reached skill level 5 in Unarmed Combat
  2039 | D:3      | Gained mutation: Your natural rate of healing is unusually fast. [Vine Stalker growth]
  2039 | D:3      | Reached XP level 4. HP: 12/23 MP: 5/5
  2225 | D:3      | Reached XP level 5. HP: 20/27 MP: 6/6
  2263 | D:3      | Noticed Sigmund
  2283 | D:3      | Killed Sigmund
  2283 | D:3      | Reached skill level 6 in Unarmed Combat
  2283 | D:3      | Reached XP level 6. HP: 13/32 MP: 7/7
  2342 | D:3      | Noticed Jessica
  2346 | D:3      | Killed Jessica
  2346 | D:3      | Reached skill level 7 in Unarmed Combat
  2708 | D:4      | Noticed Dowan
  2709 | D:4      | Noticed Duvessa
  2755 | D:4      | Killed Duvessa
  2755 | D:4      | Reached XP level 7. HP: 2/35 MP: 3/8
  2759 | D:4      | Killed from afar by Dowan

Skill      XL: |  1  2  3  4  5  6 |
---------------+-------------------+-----
Unarmed Combat | 4 5 6 7 |  7.6
Fighting       | |  2.6
Dodging        | |  2.4
Stealth        | |  2.4

Action                   |  1- 3 |  4- 6 |  7- 9 || total
-------------------------+-------+-------+-------++-------
Melee: Unarmed           |   139 |    71 |     4 ||   214
       Bite              |    34 |    19 |       ||    53
       Punch             |     1 |     3 |       ||     4
  Use: Scroll            |     3 |       |       ||     3
       Potion            |       |     2 |       ||     2
 Stab: Sleeping          |     4 |     2 |       ||     6
  Eat: Chunk             |     4 |     2 |       ||     6
Armor: Robe              |     2 |       |       ||     2
       Ring mail         |    22 |     9 |     3 ||    34
Dodge: Dodged            |    87 |    41 |     1 ||   129
